 Dungeon Crawl Stone Soup version 0.24.0-1-gfbc8707 (webtiles) character file.

Game seed: 17068772993095515867, levelgen mode: deterministic

50 TheGoonsmith the Skirmisher (level 3, 0/20 HPs)
             Began as a Vine Stalker Berserker on Nov 2, 2019.
             Was a Believer of Trog.
             Succumbed to an adder's poison
             ... on level 2 of the Dungeon on Nov 4, 2019.
             The game lasted 00:03:01 (1055 turns).

TheGoonsmith the Skirmisher (VSBe)                  Turns: 1055, Time: 00:03:01

Health: 0/20       AC:  6    Str: 17 (20) XL:     3   Next: 79%
Magic:  1/4        EV: 12    Int:  4 (7)  God:    Trog [**....]
Gold:   29         SH:  0    Dex: 10 (13) Spells: 2/2 levels left

rFire    + . .     SeeInvis .   f - +2 short sword (speed)
rCold    + . .     Gourm    .   (no shield)
rNeg     . . .     Faith    .   h - +3 leather armour
rPois    +         Spirit   +   (no helmet)
rElec    +         Reflect  .   (no cloak)
rCorr    +         Harm     .   (no gloves)
MR       .....                  (no boots)
Stlth    +.........             (no amulet)
HPRegen  0.06/turn              (no ring)
MPRegen  0.09/turn              (no ring)

@: lethally poisoned (0 -> -2), resistant
A: fangs 2, magic shield, antimagic bite, no potion heal 3, rot immunity
a: Berserk, Trog's Hand, Renounce Religion


You were on level 2 of the Dungeon.
You worshipped Trog.
Trog was pleased with you.
You were not hungry.

You visited 1 branch of the dungeon, and saw 2 of its levels.

You collected 29 gold pieces.

Inventory:

Hand Weapons
 a - a +0 mace
 f - a +2 short sword of speed (weapon)
Armour
 b - a +0 animal skin
 h - a +3 leather armour (worn)
Jewellery
 g - an uncursed amulet of regeneration {unknown}
 n - a +5 ring of protection {unknown}
Scrolls
 e - 2 scrolls of remove curse {unknown}
 i - a scroll of fog {unknown}
 j - 2 scrolls of immolation {unknown}
 l - 2 scrolls of teleportation {unknown}
 m - 2 scrolls of identify {unknown}
Potions
 d - a potion of degeneration
 k - a potion of resistance
Comestibles
 c - 3 rations


   Skills:
 + Level 3.0 Fighting
 * Level 1.3 Short Blades
 - Level 2.9 Maces & Flails
 + Level 2.0 Armour
 + Level 2.0 Dodging


You had 2 spell levels left.
You didn't know any spells.
Your spell library was empty.

Dungeon Overview and Level Annotations

Branches:
Dungeon (2/15)

Altars:


Innate Abilities, Weirdness & Mutations

You have extremely sharp teeth.
When hurt, damage is shared between your health and your magic reserves.
Your bite disrupts and absorbs the magic of your enemies.
Potions cannot restore your health.
You are immune to rotting.


Message History

The goblin barely misses you.
You barely miss the goblin. Your bite misses the goblin.
The goblin is heavily wounded.
You hit the goblin.
You kill the goblin!
Trog accepts your kill.
You feel sick. The worm bites you!
* * * LOW HITPOINT WARNING * * *
Things that are here:
a +0 club; an adder corpse
* * * LOW HITPOINT WARNING * * *
You feel sick.
It was a potion of degeneration.
There was something very wrong with that liquid.
You feel weakened.
You feel dopey.
You feel clumsy.
It was a potion of resistance.
You feel protected.
* * * LOW HITPOINT WARNING * * *
You feel sick.
You die...

##.#........
##..#.....##
####......<...##
.................
######.##......##
#.##<###.##
#####.##.###.###
................
####.#@.#######
#####.#..# .
#.....#..# #. #.
#.....######## ...
#. #.w...........
#...##.
#.....########
#...... #.##..#
#.....$##.##..#####
.......)..........#


There were no monsters in sight!

Vanquished Creatures
  An adder (D:2)
  An ooze (D:1)
  2 dart slugs (D:1)
  2 giant cockroaches (D:1)
  6 goblins
  5 hobgoblins
  3 kobolds (D:1)
  4 bats (D:1)
  3 frilled lizards (D:1)
  5 rats (D:1)
32 creatures vanquished.

Notes
Turn   | Place    | Note
-------+----------+-------------------------------------------
     0 | D:1      | TheGoonsmith the Vine Stalker Berserker began the quest for
                  | the Orb.
     0 | D:1      | Reached XP level 1. HP: 11/11 MP: 2/2
    66 | D:1      | Reached XP level 2. HP: 11/16 MP: 3/3
   521 | D:1      | Reached XP level 3. HP: 19/19 MP: 4/4
   651 | D:1      | Reached skill level 1 in Short Blades
   680 | D:1      | Reached skill level 3 in Fighting
   683 | D:1      | Reached ** piety under Trog
  1047 | D:2      | HP: 1/20 [poisoned by an adder]
  1055 | D:2      | Succumbed to an adder's poison

Levels and vault maps discovered:
D:1:      minmay_arrival_shattered_statue, layout_basic, minmay_quantized
D:2:      layout_loops_ring, roderic_roman_lattice, minmay_tetromino_t2

Skill      XL: |  1  2  3 |
---------------+----------+-----
Short Blades   | 1 |  1.3
Fighting       | 3 |  3.0
Armour         | 2 |  2.0
Dodging        | 2 |  2.0
Maces & Flails | |  2.9

Action                   || total
-------------------------++-------
Melee: Mace              ||    12
       Bite              ||    19
       Short sword       ||    65
  Use: Potion            ||     2
 Stab: Sleeping          ||     1
Armor: Leather armour    ||    21
Dodge: Dodged            ||    39
